AoeStats
← sawacdard

Socotra

504166094Analyzed
4v4 RM · 27d ago on Sep 4, 2026· 28m 51s· 8 players
Game mode
Random Map
Map size
148×148
Population
200
Speed
Normal
Resources
Standard
Victory
Conquest
Starting age
Dark Age
Ending age
Imperial Age
RankedLock teamsTeams togetherTeam positionsShared explorationLock speedFull tech treeHidden civsTurbo modeCheats
Victory
Defeat
🇬🇧 Burgundians · United Kingdom
1569
+6
🇨🇳 Ethiopians · China
1410
+12
🇹🇼 Spanish · Taiwan
1283
+18
🇹🇼 Poles · Taiwan
1203
+22
🇲🇽 Lithuanians · Mexico
1369
-16
🇺🇸 Sicilians · United States
1339
-15
🇺🇸 Britons · United States
1323
-14
🇲🇽 Mongols · Mexico
1296
-13
sawacdard
7:42 Loom
10:19 Feudal Age
14:29 Castle Age
14:36 Double-Bit Axe
21:36 Double-Bit Axe
24:21 Gold Mining
24:32 Horse Collar
28:09 Padded Archer Armor
神廚
5:38 Loom
9:20 Feudal Age
12:19 Scale Mail Armor
12:26 Scale Barding Armor
15:47 Horse Collar
17:08 Bloodlines
19:19 Forging
23:14 Castle Age
23:24 Light Cavalry
24:00 Town Watch
24:19 Heavy Plow
24:06 Double-Bit Axe
24:28 Husbandry
26:12 Gold Mining
27:40 Chain Barding Armor
TenthCandy6011
4:39 Loom
10:25 Feudal Age
11:01 Double-Bit Axe
16:49 Fletching
24:05 Castle Age
24:11 Crossbowman
25:25 Bow Saw
25:32 Bodkin Arrow
27:08 Padded Archer Armor
29:04 Thumb Ring
邪惡貓貓頭ಥ_ಥ
3:45 Double-Bit Axe
4:10 Loom
9:23 Feudal Age
18:31 Arson
24:11 Castle Age
23:25 Stone Mining
23:54 Gold Mining
26:02 Forging
25:57 Horse Collar
26:30 Bow Saw
Octosaurus
2:01 Loom
9:26 Feudal Age
11:45 Double-Bit Axe
19:54 Fletching
alexisjcw
2:28 Loom
10:18 Feudal Age
17:37 Town Watch
24:13 Castle Age
22:45 Scale Mail Armor
25:10 Fletching
Hombre invisible
5:03 Loom
8:18 Feudal Age
9:11 Double-Bit Axe
13:00 Forging
12:58 Scale Barding Armor
21:10 Castle Age
20:33 Bloodlines
21:13 Forging
22:12 Wheelbarrow
King Spartacus
8:16 Feudal Age
9:42 Loom
14:21 Forging
17:40 Scale Barding Armor
23:14 Castle Age
21:56 Fletching
22:14 Gold Mining
22:42 Padded Archer Armor
23:52 Bodkin Arrow
23:48 Double-Bit Axe
Connection lost

Rejoining the realm…

Still unreachable

The connection could not be restored.

Session expired

The server has moved on; the page needs a fresh start.